 Dungeon Crawl Stone Soup version 0.26-a0-812-g31a745ddcd (webtiles) character file.

Game seed: 14107124852618335497

3123 Froggeryz the Grappler (level 9, -7/81 HPs)
             Began as a Naga Transmuter on Nov 14, 2020.
             Was a Follower of Cheibriados.
             Mangled by a warg (12 damage)
             ... on level 8 of the Dungeon.
             The game lasted 00:13:07 (10139 turns).

Froggeryz the Grappler (Naga Transmuter)           Turns: 10139, Time: 00:13:08

Health: -7/81      AC:  2    Str: 16    XL:     9   Next: 91%
Magic:  6/12       EV: 21    Int: 19    God:    Cheibriados [*.....]
Gold:   434        SH:  0    Dex: 20    Spells: 8/12 levels left

rFire    . . .     SeeInvis +     - Unarmed
rCold    + . .     Faith    .   (shield currently unavailable)
rNeg     . . .     Spirit   .   (armour currently unavailable)
rPois    x         Reflect  .   (helmet currently unavailable)
rElec    .         Harm     .   (cloak currently unavailable)
rCorr    .         Rampage  .   (gloves currently unavailable)
MR       +....                  (no barding)
Stlth    ++........             (no amulet)
HPRegen  0.23/turn              e - ring of protection from cold
MPRegen  0.13/turn              (no ring)

@: spider-form, very slightly contaminated, very slow
A: tiny, see invisible, spit poison 1, AC +3
a: Spit Poison, End Transformation, Bend Time, Renounce Religion


You were on level 8 of the Dungeon.
You worshipped Cheibriados.
Cheibriados was aware of your devotion.
You were a venomous arachnid creature.
You visited 2 branches of the dungeon, and saw 9 of its levels.

You collected 434 gold pieces.

Inventory:

Armour
 h - a +2 robe of fire resistance (melded)
 k - the cursed +0 pair of gloves of Time Monsters (melded) {rF+}
   (You found it on level 7 of the Dungeon)

   It protects you from fire.
   It has a curse placed upon it.
 p - a +0 helmet (melded)
 u - a +0 cloak (melded)
Jewellery
 e - a ring of protection from cold (left front leg)
Wands
 s - a wand of acid (3)
Scrolls
 a - a scroll of acquirement {unknown}
 f - a scroll of enchant armour
 g - 7 scrolls of remove curse
 i - 6 scrolls of identify
 l - 2 scrolls of blinking
 o - 2 scrolls of amnesia
 q - a scroll of fog
 t - a scroll of random uselessness
Potions
 c - a potion of cancellation
 d - 3 potions of curing
 j - 3 potions of lignification
 m - 2 potions of resistance
 n - a potion of brilliance {unknown}


   Skills:
 + Level 5.3 Fighting
 + Level 2.7 Dodging
 * Level 11.1 Unarmed Combat
 - Level 2.0 Spellcasting
 - Level 5.0 Transmutations
 - Level 3.3 Poison Magic


You had 8 spell levels left.
You knew the following spells:

 Your Spells              Type           Power        Failure   Level
a - Beastly Appendage     Tmut           ###...       9%          1
b - Spider Form           Tmut/Pois      ###.......   24%         3

Your spell library contained the following spells:

 Spells                   Type           Power        Failure   Level
 Wereblood                Tmut           ###.....     11%         2
 Magic Dart               Conj           #...         36%         1
 Searing Ray              Conj           #.....       47%         2
 Dazzling Flash           Conj/Hex       #.....       67%         3
 Ice Form                 Ice/Tmut       ##......     73%         4
 Blade Hands              Tmut           ###.......   73%         5
 Fulminant Prism          Conj/Hex       #.........   95%         4
 Iskenderun's Mystic Bla  Conj/Tloc      #.......     95%         4


Dungeon Overview and Level Annotations

Branches:
Dungeon (8/15)             Temple (1/1) D:6
   Lair: D:8-11

Altars:
Cheibriados
Dithmenos
Elyvilon
Fedhas
Gozag
Hepliaklqana
Kikubaaqudgha
Makhleb
Nemelex Xobeh
Okawaru
Qazlal
Ru
Sif Muna
Trog
Uskayaw
Vehumet
Wu Jian
Xom
Yredelemnul
Zin

Annotations:
D:4 3 runed translucent doors, hemabe71's ghost, novice HuAr
D:6 exclusion: downstairs
D:7 exclusion: two-headed ogre


Innate Abilities, Weirdness & Mutations

You cannot wear boots.
((Your serpentine skin is tough. (AC +3)))
You have supernaturally acute eyesight. (SInv)
((Armour fits poorly on your strangely shaped body.))
((Your system is resistant to poisons. (rPois)))
((You cover ground very slowly.))
You can spit poison.


Message History

The warg completely misses you.
The orc priest mumbles some strange prayers to Beogh against you.
Beogh smites you!
* * * LOW HITPOINT WARNING * * *
You hit the warg.
The warg is poisoned.
The warg is heavily wounded.
The warg barely misses you.
You hit the warg.
The warg is severely wounded.
The warg bites you.
* * * LOW HITPOINT WARNING * * *
You hit the orc priest.
You kill the orc priest!
Cheibriados thoroughly appreciates the change of pace.
The warg barely misses you.
A worker ant comes into view.
You bite the warg!
The warg is almost dead.
The warg bites you!
You die...

............#.)....#
.#####........########
..........####
#.#####...#######
####.#####.#.......#
...........#######.#
###.....####
..........##
.......s...##
......)h....##
.......o.....#
............>####.
.........).†......
..................
..........$....##.
..!.....B..###...#
...####...## .#..


You could see a warg (very poisoned), a worker ant and an orc.

Vanquished Creatures
  A two-headed ogre (D:7)
  Maggie (D:6)
  2 wargs (D:8)
  Menkaure (D:5)
  A water moccasin (D:7)
  An ice beast (D:7)
  A sky beast (D:6)
  A black bear (D:7)
  2 ogres
  A phantom (D:7)
  A gnoll sergeant (D:8)
  2 bullfrogs (D:7)
  3 scorpions (D:7)
  3 wights (D:7)
  A centaur zombie (D:6)
  2 orc priests (D:8)
  An orc wizard (D:8)
  Crazy Yiuf (D:6)
  3 hounds
  A jelly (D:6)
  3 iguanas
  6 worker ants
  A killer bee zombie (D:5)
  5 gnolls
  8 adders
  A shadow imp (D:7)
  3 white imps
  3 ufetubi
  An adder zombie (D:7)
  2 adder skeletons (D:4)
  A worm (D:2)
  4 leopard geckos
  3 orcs
  7 giant cockroaches
  6 goblins
  4 hobgoblins
  2 jackals (D:2)
  5 kobolds
  A quokka (D:8)
  5 bats
  10 frilled lizards
  A quokka skeleton (D:7)
  4 rats
116 creatures vanquished.

Vanquished Creatures (others)
  A fungus (D:4)
  2 plants
3 creatures vanquished.

Grand Total: 119 creatures vanquished

Notes
Turn   | Place    | Note
-------+----------+-------------------------------------------
     0 | D:1      | Froggeryz the Naga Transmuter began the quest for the Orb.
     0 | D:1      | Reached XP level 1. HP: 18/18 MP: 3/3
   531 | D:1      | Reached XP level 2. HP: 25/25 MP: 5/5
  1116 | D:2      | Reached XP level 3. HP: 30/31 MP: 4/6
  1191 | D:2      | Found an ornate altar of the Wu Jian Council.
  1551 | D:2      | Reached skill level 4 in Unarmed Combat
  1717 | D:2      | Reached XP level 4. HP: 38/38 MP: 5/7
  2005 | D:2      | Found an ancient bone altar of Kikubaaqudgha.
  2005 | D:2      | Found a blossoming altar of Fedhas.
  2148 | D:2      | Found a burning altar of Makhleb.
  2341 | D:3      | Found a shimmering blue altar of Sif Muna.
  2656 | D:3      | Found a stormy altar of Qazlal.
  3818 | D:4      | Reached XP level 5. HP: 32/44 MP: 6/8
  3954 | D:4      | Reached skill level 5 in Unarmed Combat
  4078 | D:4      | Learned a level 3 spell: Spider Form
  4239 | D:4      | Found a runed translucent gate.
  4385 | D:4      | Noticed an ogre
  4395 | D:4      | Killed an ogre
  4395 | D:4      | Reached XP level 6. HP: 51/51 MP: 7/9
  4549 | D:4      | Reached skill level 6 in Unarmed Combat
  4697 | D:4      | Found an opulent altar of Gozag.
  4698 | D:4      | Found a white marble altar of Elyvilon.
  4785 | D:4      | Found a runed translucent gate.
  4785 | D:4      | Found a runed translucent gate.
  4786 | D:4      | Identified the +6 whip "Lorumo" {venom, rPois Dex+6 SInv}
  4787 | D:4      | Noticed hemabe71's ghost (novice HuAr)
  4812 | D:5      | Entered Level 5 of the Dungeon
  4857 | D:5      | Found a bloodstained altar of Trog.
  4858 | D:5      | Found an iron altar of Okawaru.
  5456 | D:5      | Reached XP level 7. HP: 48/57 MP: 8/10
  5518 | D:5      | Noticed Menkaure
  5524 | D:5      | Killed Menkaure
  5881 | D:5      | Reached skill level 7 in Unarmed Combat
  6422 | D:6      | Reached skill level 5 in Transmutations
  6568 | D:6      | Noticed Maggie
  6569 | D:6      | Found a radiant altar of Vehumet.
  6578 | D:6      | Killed Maggie
  6578 | D:6      | Reached skill level 8 in Unarmed Combat
  6578 | D:6      | Reached XP level 8. HP: 56/64 MP: 9/11
  6917 | D:6      | Found a staircase to the Ecumenical Temple.
  7075 | Temple   | Entered the Ecumenical Temple
  7324 | Temple   | Became a worshipper of Cheibriados the Contemplative
  7666 | D:6      | Found a runed translucent door.
  7667 | D:6      | Noticed Crazy Yiuf
  7776 | D:6      | Killed Crazy Yiuf
  7998 | D:7      | Noticed a two-headed ogre
  8280 | D:7      | Reached skill level 9 in Unarmed Combat
  8564 | D:7      | Got a pair of fine gloves
  8565 | D:7      | Identified the cursed +0 pair of gloves of Time Monsters
                  | {rF+} (You found it on level 7 of the Dungeon)
  8724 | D:7      | Reached XP level 9. HP: 69/76 MP: 8/12
  8729 | D:7      | Killed a two-headed ogre
  8729 | D:7      | Reached skill level 10 in Unarmed Combat
  8933 | D:7      | Noticed a red ugly thing
  9751 | D:8      | Reached * piety under Cheibriados
  9751 | D:8      | Reached skill level 5 in Fighting
  9752 | D:8      | HP: 4/81 [gnoll/+0 halberd (14)]
 10120 | D:8      | Reached skill level 11 in Unarmed Combat
 10139 | D:8      | Mangled by a warg

Illustrated notes

Levels and vault maps discovered:
D:1:      dpeg_arrival_castle, layout_loops_ring
D:2:      layout_loops_ring, grunt_temple_overflow_growth_and_decay,
          lightli_temple_of_fire, overflow_temple_1_default
D:3:      layout_basic, lemuel_round_altar, nicolae_overflow_crystal_walls,
          roderic_serpentine_path
D:4:      layout_basic, gammafunk_temple_overflow_statue,
          gammafunk_ghost_nasty_kobolds, nicolae_underground_beach
D:5:      minmay_evil_eye, layout_loops_ring, grunt_temple_overflow_bloody_war,
          nrook_mini_backslash, uniq_menkaure
D:6:      layout_cave_pods, vehumet_crystals, minmay_temple_entry_mist,
          uniq_maggie, uniq_crazy_yiuf_cottage
D:7:      layout_basic
D:8:      layout_rooms, erik_lair_orcish_takeover, gammafunk_ghost_icy
Temple:   jpeg_temple_island

Skill      XL: |  1  2  3  4  5  6  7  8  9 |
---------------+----------------------------+-----
Unarmed Combat | 4 5 6 8 9 11 | 11.1
Transmutations | 3 4 5 |  5.0
Poison Magic   | 2 3 |  3.3
Fighting       | 3 5 |  5.3
Dodging        | 2 |  2.7
Spellcasting   | |  2.0

Action                   |  1- 3 |  4- 6 |  7- 9 || total
-------------------------+-------+-------+-------++-------
Melee: Unarmed           |    67 |   150 |   204 ||   421
       Headbutt          |     3 |     7 |     9 ||    19
       Punch             |       |     1 |     3 ||     4
 Cast: Beastly Appendage |     7 |    14 |    10 ||    31
       Spider Form       |       |       |     9 ||     9
Invok: Bend Time         |       |       |     2 ||     2
 Abil: Spit Poison       |    25 |    27 |    22 ||    74
Evoke: Wand              |       |     5 |    15 ||    20
  Use: Scroll            |       |     9 |     9 ||    18
       Potion            |       |       |     2 ||     2
 Stab: Sleeping          |     1 |       |       ||     1
Armor: Robe              |    14 |    36 |    38 ||    88
       Skin              |       |       |     6 ||     6
Dodge: Dodged            |    35 |    82 |   121 ||   238

Table legend: (Time is in decaauts)
 A = Elapsed time spent in this place.
 B = Non-inter-level travel time spent in this place.
 C = Inter-level travel time spent in this place.
 D = Time resting spent in this place.
 E = Time spent auto-exploring this place.
 F = Levels seen in this place.
 G = Mean time per level.
                   A        B        C        D        E       F      G
               +--------+--------+--------+--------+--------+-----+--------+
         Total |  12652 |  12068 |    584 |   2184 |   8674 |   9 | 1405.8 |
       Dungeon |  12217 |  11695 |    522 |   2184 |   8303 |   8 | 1527.1 |
        Temple |    435 |    374 |     61 |      0 |    371 |   1 |  435.0 |
               +--------+--------+--------+--------+--------+-----+--------+

Top non-repeatable levels by time:
     D:6: 2109 daAuts
     D:7: 1924 daAuts
     D:5: 1908 daAuts
     D:3: 1593 daAuts
     D:2: 1445 daAuts
     D:4: 1416 daAuts
     D:1: 1377 daAuts
     D:8: 441 daAuts
  Temple: 435 daAuts
